 Dungeon Crawl Stone Soup version 0.28.0 (webtiles) character file.

Game seed: 173825911249831929

342 Akaron the Covert (level 6, -1/41 HPs)
             Began as an Octopode Brigand on Feb 15, 2022.
             Slain by a gnoll sergeant (13 damage)
             ... on level 4 of the Dungeon.
             The game lasted 00:06:10 (4449 turns).

Akaron the Covert (Octopode Brigand)                Turns: 4449, Time: 00:06:10

Health: -1/41      AC:  1    Str: 10    XL:     6   Next: 57%
Magic:  6/6        EV: 13    Int: 13    God:
Gold:   225        SH:  0    Dex: 16    Spells: 5/5 levels left

rFire   . . .      SeeInvis .   h - +2 dagger (speed)
rCold   . . .      Faith    .   (no shield)
rNeg    . . .      Spirit   .   (helmet restricted)
rPois   +          Reflect  .   (no amulet)
rElec   .          Harm     .   r - ring of poison resistance
rCorr   .          Rampage  .   (no ring)
Will    .....                   (no ring)
Stlth   +++++.....              (no ring)
HPRegen 0.13/turn               (no ring)
MPRegen 0.10/turn               (no ring)
                                (no ring)
                                (no ring)

@: no status effects
A: almost no armour, amphibious, 8 rings, camouflage 1, gelatinous body 1,
(nimble swimmer 1), tentacles
a: no special abilities


You were on level 4 of the Dungeon.
You visited 1 branch of the dungeon, and saw 4 of its levels.

You collected 225 gold pieces.

Inventory:

Hand Weapons
 a - a +2 dagger
 h - a +2 dagger of speed (weapon)
Missiles
 b - 7 poisoned darts (quivered)
 c - 2 curare-tipped darts
 q - 2 boomerangs
Jewellery
 r - a ring of poison resistance (left tentacle)
Wands
 l - a wand of flame (28)
Scrolls
 e - a scroll of enchant armour {unknown}
 f - 3 scrolls of enchant weapon {unknown}
 g - a scroll of identify {unknown}
 k - 2 scrolls of vulnerability {unknown}
 n - a scroll of blinking {unknown}
 p - a scroll of immolation {unknown}
 s - a scroll of teleportation {unknown}
Potions
 d - a potion of brilliance {unknown}
 i - 2 potions of heal wounds {unknown}
 j - 3 potions of curing {unknown}
 m - 2 potions of flight {unknown}
 o - 2 potions of haste {unknown}


   Skills:
 + Level 2.6 Fighting
 + Level 3.5 Short Blades
 + Level 2.2 Throwing
 + Level 1.8 Dodging
 + Level 8.9 Stealth


You had 5 spell levels left.
You didn't know any spells.
Your spell library was empty.

Dungeon Overview and Level Annotations

Branches:
Dungeon (4/15)
 Temple: D:4-7

Altars:

Shops:
D:1 *

Annotations:
D:3 3 runed translucent doors, Zeus21348's ghost, amateur MiBe


Innate Abilities, Weirdness & Mutations

You cannot wear most types of armour.
You are amphibious.
You can wear up to eight rings at the same time.
Your skin changes colour to match your surroundings (Stealth+).
Your rubbery body absorbs attacks. (AC +1, EV +1)
((You are camouflaged when in or above water. (Stealth+)))
You have tentacles for arms and can constrict up to eight enemies at once.


Message History

There is an open door here.
You open the door.
There is an open door here.
You open the door.
There is an open door here.
You open the door.
There is an open door here.
Found 6 curare-tipped darts.
You hit the gnoll sergeant but do no damage.
Your grab misses the gnoll sergeant.
The gnoll sergeant hits you with a +0 spear!
The gnoll shouts!
You barely miss the gnoll sergeant. You grab the gnoll sergeant.
You squeeze the gnoll sergeant, but do no damage.
You constrict the gnoll sergeant, but do no damage.
You hear a shout! x2; You hear an angry hiss.
You hit the gnoll sergeant but do no damage.
You squeeze the gnoll sergeant.
The gnoll sergeant is lightly wounded.
You constrict the gnoll sergeant, but do no damage.
The gnoll sergeant closely misses you.
You hit the gnoll sergeant but do no damage.
The gnoll sergeant is lightly wounded.
You constrict the gnoll sergeant, but do no damage.
You hit the gnoll sergeant but do no damage.
The gnoll sergeant is lightly wounded.
You constrict the gnoll sergeant, but do no damage.
The gnoll sergeant hits you with a +0 spear!
You hit the gnoll sergeant.
The gnoll sergeant is lightly wounded.
You constrict the gnoll sergeant. The gnoll closely misses you.
You barely miss the gnoll sergeant.
The gnoll sergeant is lightly wounded.
You constrict the gnoll sergeant.
The gnoll sergeant struggles to escape constriction.
The gnoll hits you from afar with a +0 spear.
* * * LOW HITPOINT WARNING * * *
You release your grip on the gnoll sergeant.
The gnoll sergeant hits you from afar with a +0 spear!
You die...

#≈.# #.+
+.#.......#.'...
#≈.###
###...#####...#####...
≈≈<..+ ....
#.+...'.#..... g....#
#...#+#.#####.#+#...
≈≈.....#
..(#.....#.....#...
#≈####.+
##'##.....+.....##+#
#≈# .#
#...#.....#.....#...
≈≈. #
#g#...#'#.#####.#'#.##
##.#
#gggg@..#.'...+.#...#
.#
###...#####...###.###
+# +...+ #.......#.#
##### #+#...#'#.#
#...#...# ##+##.###
#.....# #+#####


You could see a gnoll sergeant and 4 gnolls.

Vanquished Creatures
  An ogre (D:4)
  A hound (D:3)
  A centaur skeleton (D:3)
  An orc wizard (D:4)
  A hound skeleton (D:4)
  7 adders
  A shadow imp (D:4)
  An adder skeleton (D:4)
  5 dart slugs
  4 orcs (D:4)
  4 endoplasms
  3 giant cockroaches
  11 goblins
  4 hobgoblins
  3 jackals (D:2)
  5 kobolds
  4 quokkas
  8 ball pythons
  4 bats
  3 frilled lizards
  A quokka skeleton (D:2)
  2 rats (D:2)
75 creatures vanquished.

Vanquished Creatures (others)
  3 fungi (D:3)
  A plant (D:3)
4 creatures vanquished.

Grand Total: 79 creatures vanquished

Notes
Turn   | Place    | Note
-------+----------+-------------------------------------------
     0 | D:1      | Akaron the Octopode Brigand began the quest for the Orb.
     0 | D:1      | Reached XP level 1. HP: 14/14 MP: 1/1
   298 | D:1      | Found Piphe's Assorted Antiques.
   307 | D:1      | Reached XP level 2. HP: 19/19 MP: 2/2
   321 | D:1      | Reached skill level 6 in Stealth
  1043 | D:1      | Reached XP level 3. HP: 24/24 MP: 3/3
  1850 | D:2      | Reached skill level 7 in Stealth
  1850 | D:2      | Reached XP level 4. HP: 28/29 MP: 4/4
  2459 | D:2      | Found a faded altar of an unknown god.
  2695 | D:3      | Found a runed translucent gate.
  2695 | D:3      | Found a runed translucent gate.
  2695 | D:3      | Found a runed translucent gate.
  2695 | D:3      | Noticed a kobold brigand
  2697 | D:3      | Noticed Zeus21348's ghost (amateur MiBe)
  3015 | D:3      | Reached XP level 5. HP: 34/35 MP: 5/5
  3691 | D:4      | Reached skill level 8 in Stealth
  3725 | D:4      | Noticed an ogre
  3757 | D:4      | Killed an ogre
  3758 | D:4      | Reached XP level 6. HP: 24/41 MP: 6/6
  4449 | D:4      | Slain by a gnoll sergeant

Illustrated notes

Levels and vault maps discovered:
D:1:      amcnicky_arrival_choice, layout_basic, serial_shops,
          nicolae_shop_waterfront
D:2:      layout_rooms, shapermc_ecumenical_altar_mp_highgroup, serial_undead,
          serial_undead_a, serial_undead_d, serial_undead_d, serial_undead_b,
          minmay_pentomino_t2
D:3:      layout_basic, gammafunk_ghost_nasty_kobolds, kennysheep_small_spiral
D:4:      nicolae_cairo_tiling_large, layout_basic, lightli_minifort

Skill      XL: |  1  2  3  4  5 |
---------------+----------------+-----
Stealth        | 6 7 8 |  8.9
Short Blades   | 3 |  3.5
Fighting       | |  2.6
Throwing       | |  2.2
Dodging        | |  1.8

Action                   |  1- 3 |  4- 6 || total
-------------------------+-------+-------++-------
Melee: Dagger            |    62 |    93 ||   155
       Constrict         |    15 |    21 ||    36
       Tentacles         |    14 |    18 ||    32
Throw: Dart              |       |     5 ||     5
 Stab: Sleeping          |    13 |    14 ||    27
       Distracted        |       |     1 ||     1
Armor: Skin              |     2 |     2 ||     4
Dodge: Dodged            |    31 |    31 ||    62
